 Dungeon Crawl Stone Soup version 0.29.0-13-gc9e81de378 (webtiles) character file.

Game seed: 18193361127352996145

104 xian the Shooter (level 4, -11/26 HPs)
             Began as a Deep Elf Hunter on Sept 9, 2022.
             Mangled by a wyvern (13 damage)
             ... on level 4 of the Dungeon.
             The game lasted 00:05:17 (2486 turns).

xian the Shooter (Deep Elf Hunter)                  Turns: 2486, Time: 00:05:17

Health: -11/26     AC:  4    Str: 10    XL:     4   Next: 52%
Magic:  6/6        EV: 12    Int: 14    God:
Gold:   172        SH:  0    Dex: 18    Spells: 3/3 levels left

rFire   . . .      SeeInvis .   a - +0 shortbow
rCold   . . .      Faith    .   (shield currently unavailable)
rNeg    . . .      Spirit   .   c - +0 leather armour
rPois   .          Reflect  .   (no helmet)
rElec   .          Harm     .   (no cloak)
rCorr   .          Rampage  .   p - +0 pair of gloves
Will    +....                   (no boots)
Stlth   ++........              y - amulet of magic regeneration
HPRegen 0.08/turn               k - ring of willpower
MPRegen 0.50/turn               (no ring)

@: no status effects
A: no striking features
a: no special abilities


You were on level 4 of the Dungeon.
You visited 1 branch of the dungeon, and saw 4 of its levels.

You collected 172 gold pieces.

Inventory:

Hand Weapons
 a - a +0 shortbow (weapon)
 u - the +7 whip of Triumph {vorpal, Int+5}
   (You found it on level 2 of the Dungeon)

   It inflicts extra damage upon your enemies.
   Int:       It affects your intelligence (+5).
Armour
 c - a +0 leather armour (worn)
 p - a +0 pair of gloves (worn)
 z - a +0 buckler
Jewellery
 k - a ring of willpower (left hand)
 y - an amulet of magic regeneration (around neck)
Scrolls
 b - a scroll of immolation
 d - a scroll of fear {unknown}
 e - 2 scrolls of enchant weapon {unknown}
 f - a scroll of amnesia {unknown}
 h - 3 scrolls of blinking {unknown}
 j - a scroll of magic mapping {unknown}
 l - 3 scrolls of identify {unknown}
 n - a scroll of enchant armour {unknown}
 o - a scroll of silence {unknown}
 t - a scroll of poison {unknown}
 v - 2 scrolls of teleportation {unknown}
 w - a scroll of butterflies {unknown}
Potions
 g - 3 potions of curing {unknown}
 i - 3 potions of might {unknown}
 m - a potion of berserk rage {unknown}
 q - a potion of degeneration {unknown}
 r - a potion of invisibility {unknown}
 s - a potion of brilliance {unknown}
 x - a potion of haste {unknown}
 A - a potion of flight {unknown}


   Skills:
 + Level 1.9 Fighting
 + Level 7.4 Ranged Weapons
 + Level 0.4 Armour
 + Level 2.7 Dodging
 + Level 1.4 Stealth


You had 3 spell levels left.
You didn't know any spells.
Your spell library contained the following spells:

 Spells                   Type           Power      Damage    Failure   Level
 Foxfire                  Conj/Fire      0%         2x1d4     36%         1
 Magic Dart               Conj           0%         1d3       36%         1
 Blink                    Tloc           0%         N/A       52%         2
 Call Imp                 Summ           0%         N/A       52%         2
 Conjure Flame            Conj/Fire      0%         6-21      75%         3
 Gell's Gravitas          Tloc           0%         N/A       75%         3
 Inner Flame              Hex/Fire       0%         N/A       75%         3
 Lesser Beckoning         Tloc           0%         N/A       75%         3
 Mephitic Cloud           Conj/Pois/Air  0%         N/A       75%         3
 Flame Wave               Conj/Fire      0%         2d4       98%         4
 Manifold Assault         Tloc           0%         N/A       100%        5
 Death Channel            Necr           0%         N/A       100%        6


Dungeon Overview and Level Annotations

Branches:
Dungeon (4/15)
 Temple: D:4-7

Altars:

Shops:
D:1 **


Message History

You pick up a book of Flames and begin reading...
You add the spells Foxfire, Conjure Flame, Inner Flame and Flame Wave to your library.
Found a war axe.
No target in view!
A goblin comes into view. It is wielding a +0 dagger.
You shoot an arrow. The arrow hits the goblin!
You kill the goblin!
No target in view!
No target in view!
No target in view!
No target in view!
Found 7 stones.
Found a stone staircase leading down.
You see here a +0 dagger.
A black bear comes into view.
Found a stone staircase leading up.
You shoot an arrow. The arrow hits the black bear!
The black bear is moderately wounded.
You hear an angry hiss.
A wyvern comes into view.
You shoot an arrow. The arrow hits the black bear.
The black bear is heavily wounded.
You shoot an arrow. The arrow hits the wyvern.
The wyvern is lightly wounded.
The wyvern closely misses you. The wyvern barely misses you.
You shoot an arrow.
The arrow hits the black bear but does no damage.
The black bear is heavily wounded.
The wyvern bites you. The black bear bites you. The black bear claws you.
The black bear claws you but does no damage.
You shoot an arrow.
The arrow hits the black bear but does no damage.
The black bear is heavily wounded.
The wyvern bites you! The black bear bites you!
* * * LOW HITPOINT WARNING * * *
The black bear claws you.
* * * LOW HITPOINT WARNING * * *
The black bear barely misses you. The wyvern bites you!
Ouch! That really hurt!
You die...

.......#..##....
..............#
...###.....#.## .
........#.## # ..
.......#)#### ...
.....(.....#.## ...
..............# ..#
..........###.##...#..
..........##..@h.....<
............l###..###
............# ..#
...........## .
....#...... ..##......
....#.. ..#.#..


You could see a black bear and a wyvern.

Vanquished Creatures
  2 adders (D:2)
  2 worms
  2 dart slugs
  2 orcs (D:3)
  7 ball pythons
  2 bats
  7 endoplasms
  2 giant cockroaches (D:1)
  7 goblins
  8 hobgoblins
  8 jackals
  A quokka (D:1)
  3 frilled lizards
  7 kobolds
  8 rats
68 creatures vanquished.

Vanquished Creatures (others)
  A giant cockroach (D:3)
  A frilled lizard (D:3)
  2 kobolds (D:3)
4 creatures vanquished.

Grand Total: 72 creatures vanquished

Notes
Turn   | Place    | Note
-------+----------+-------------------------------------------
     0 | D:1      | xian the Deep Elf Hunter began the quest for the Orb.
     0 | D:1      | Reached XP level 1. HP: 12/12 MP: 3/3
    78 | D:1      | Found Vaiggo's General Store.
   139 | D:1      | Reached XP level 2. HP: 16/16 MP: 4/4
   171 | D:1      | Reached skill level 6 in Ranged Weapons
   265 | D:1      | Noticed a shining eye
   266 | D:1      | Found a faded altar of an unknown god.
   271 | D:1      | Noticed a golden eye
   278 | D:1      | Noticed a shining eye
   283 | D:1      | Noticed an eye of devastation
   340 | D:1      | Found Neuduatz's Assorted Antiques.
   363 | D:1      | Got the Incunabulum of the Mortuary Jaunt
   400 | D:1      | Reached XP level 3. HP: 21/21 MP: 5/5
   878 | D:2      | Identified the +7 whip of Triumph {vorpal, Int+5}
  1424 | D:2      | Reached skill level 7 in Ranged Weapons
  1424 | D:2      | Reached XP level 4. HP: 26/26 MP: 6/6
  2077 | D:3      | You fall into a shaft and drop 1 floor!
  2481 | D:4      | Noticed a black bear
  2482 | D:4      | Noticed a wyvern
  2486 | D:4      | Mangled by a wyvern

Illustrated notes

Levels and vault maps discovered:
D:1:      wheals_arrival_shading, layout_basic,
          hellmonk_ecumenical_altar_watching_god, serial_shops,
          nicolae_shop_hallway_plus, shop, minmay_misc_feat_cross,
          minmay_pentomino_s4
D:2:      layout_loops_ring, serial_glass, glass_columns_c, glass_columns_a
D:3:      layout_basic, lemuel_old_faithful
D:4:      layout_cave_pools

Skill      XL: |  1  2  3 |
---------------+----------+-----
Ranged Weapons | 6 7 |  7.4
Fighting       | |  1.9
Armour         | |  0.4
Dodging        | |  2.7
Stealth        | |  1.4

Action                   |  1- 3 |  4- 6 || total
-------------------------+-------+-------++-------
Melee: Whip              |     5 |       ||     5
 Fire: Shortbow          |   107 |    69 ||   176
Armor: Leather armour    |    18 |     8 ||    26
Dodge: Dodged            |    30 |    16 ||    46
